 Dungeon Crawl Stone Soup version 0.19.1 (webtiles) character file.

709 lorenzova the Magician (level 7, 0/36 HPs)
             Began as a Deep Elf Conjurer on Nov 25, 2016.
             Succumbed to a killer bee's poison
             ... on level 4 of the Dungeon.
             The game lasted 00:12:04 (4880 turns).

lorenzova the Magician (Deep Elf Conjurer)          Turns: 4880, Time: 00:12:04

Health: 0/36       AC:  2    Str:  5    XL:     7   Next: 40%
Magic:  20/20      EV: 13    Int: 25    God:
Gold:   250        SH:  0    Dex: 24    Spells: 3 memorised, 11 levels left

rFire  x . .     SeeInvis .     y - +2 short sword "Cayz" {flame, *Contam +Blink MR- Dex+9} (curse)
rCold  + . .     Gourm    .     a - +0 robe
rNeg   . . .     Faith    .     (no shield)
rPois  .         Spirit   .     (no helmet)
rElec  .         Reflect  .     (no cloak)
rCorr  .         Harm     .     (no gloves)
MR     .....                    (no boots)
Stlth  +++.......               (no amulet)
                                p - +3 ring of intelligence
                                h - ring of ice

@: lethally poisoned (0 -> -8)
A: no striking features
a: Evoke Blink


You were on level 4 of the Dungeon.
You were not hungry.

You visited 1 branch of the dungeon, and saw 4 of its levels.
You also visited: Sewer.

You collected 250 gold pieces.

Inventory:

Hand Weapons
 o - a +0 short sword
 y - the cursed +2 short sword "Cayz" (weapon) {flame, *Contam +Blink MR- Dex+9}
   (You found it on level 4 of the Dungeon)

   It has been specially enchanted to burn those struck by it, causing extra
   injury to most foes and up to half again as much damage against particularly
   susceptible opponents.
   It affects your dexterity (+9).
   It affects your resistance to hostile enchantments.
   It lets you blink.
   It causes magical contamination when unequipped.
   It has a curse placed upon it.
Armour
 a - a +0 robe (worn)
Jewellery
 h - a ring of ice (left hand)
 p - a +3 ring of intelligence (right hand)
Wands
 s - a wand of iceblast (2/15)
Scrolls
 d - 2 scrolls of fear {unknown}
 e - 2 scrolls of noise {unknown}
 i - a scroll of enchant weapon {unknown}
 k - 2 scrolls of remove curse
 l - 2 scrolls of magic mapping {unknown}
 n - a scroll of immolation {unknown}
 q - 2 scrolls of enchant armour {unknown}
 t - a scroll of teleportation {unknown}
Potions
 f - 3 potions of heal wounds
 j - 2 potions of brilliance
 m - 3 potions of might
 r - 5 potions of curing
 u - a potion of lignification
 v - 2 potions of agility
 w - 2 potions of flight {unknown}
 z - a potion of magic {unknown}
Books
 b - a book of Conjurations

   Spells                             Type                      Level
   a - Magic Dart                     Conjuration                  1
   b - Searing Ray                    Conjuration                  2
   c - Dazzling Spray                 Conjuration/Hexes            3
   d - Fulminant Prism                Conjuration/Hexes            4
   e - Iskenderun's Mystic Blast      Conjuration                  4
   f - Iskenderun's Battlesphere      Conjuration/Charms           5
Comestibles
 c - 3 bread rations
 x - 3 fruits


   Skills:
 - Level 2.4 Dodging
 - Level 2.4 Stealth
 + Level 7.7 Spellcasting
 + Level 7.6 Conjurations
 + Level 3.1 Charms


You had 11 spell levels left.
You knew the following spells:

 Your Spells              Type           Power        Failure   Level  Hunger
a - Magic Dart            Conj           ####         1%          1    None
b - Iskenderun's Mystic   Conj           #####...     2%          4    ##.....
c - Iskenderun's Battles  Conj/Chrm      #####...     21%         5    #####..


Dungeon Overview and Level Annotations

Branches:
Dungeon (4/15)
 Temple: D:4-7

Altars:

Annotations:
D:4 Zorot's ghost, amateur TrMo


Message History

It sticks to your hand!
y - the cursed +2 short sword "Cayz" (weapon)
{flame, *Contam +Blink MR- Dex+9} The killer bee buzzes angrily.
The killer bee stings you.
You are poisoned.
The killer bee poisons you! The killer bee stings you!
You feel sick. The killer bee completely misses you. The killer bee misses you.
You feel sick. The killer bee stings you. The killer bee stings you.
The killer bee stings you but does no damage.
You feel sick. The killer bee barely misses you. x2
The killer bee misses you. The killer bee stings you!
* * * LOW HITPOINT WARNING * * *
You are lethally poisoned!
The killer bee poisons you! The killer bee stings you!
* * * LOW HITPOINT WARNING * * *
The killer bee buzzes angrily.
You die...

# . #)........y......).. #.
###........y..#..# #..##
#.##...#....†..####
#...###.#....##.........#
#...#.y..######.......####
########.....#######..........###
.....<..y.....y...##............#
#######...........##.......######
##...y.y.....@..........###
####....<......y..##.........##
......##############.......#..##
......# #.......#...# .....(#
#.......##### ......# #.......#
####### #########


You could see 4 killer bees.

Vanquished Creatures
  An ogre (D:2)
  4 big kobolds (Sewer)
  A howler monkey (D:3)
  2 iguanas (D:4)
  A worker ant (D:4)
  A hound skeleton (D:4)
  3 river rats (Sewer)
  6 adders
  An ooze (Sewer)
  4 worms
  3 dart slugs
  3 leopard geckos
  6 orcs
  6 giant cockroaches
  8 goblins
  6 hobgoblins
  4 jackals (D:3)
  A quokka (D:3)
  6 ball pythons
  8 bats
  7 frilled lizards
  23 kobolds
  27 rats
132 creatures vanquished.

Vanquished Creatures (others)
  A plant (D:3)
1 creature vanquished.

Grand Total: 133 creatures vanquished

Notes
Turn   | Place    | Note
-------+----------+-------------------------------------------
     0 | D:1      | lorenzova the Deep Elf Conjurer began the quest for the Orb.
     0 | D:1      | Reached XP level 1. HP: 10/10 MP: 6/6
   220 | D:1      | Reached XP level 2. HP: 15/15 MP: 4/8
   572 | D:1      | Reached skill level 5 in Conjurations
   740 | D:1      | Reached XP level 3. HP: 19/19 MP: 6/10
  2020 | D:3      | Reached XP level 4. HP: 24/24 MP: 6/12
  2031 | D:3      | Learned a level 4 spell: Iskenderun's Mystic Blast
  2290 | D:3      | Found a glowing drain.
  2316 | Sewer    | Entered a sewer
  2583 | Sewer    | Noticed a big kobold
  2583 | Sewer    | Noticed a big kobold
  2613 | Sewer    | Killed a big kobold
  2613 | Sewer    | Reached skill level 5 in Spellcasting
  2613 | Sewer    | Reached XP level 5. HP: 7/28 MP: 0/15
  2735 | Sewer    | Reached XP level 6. HP: 32/32 MP: 10/17
  3918 | D:3      | Learned a level 5 spell: Iskenderun's Battlesphere
  3965 | D:4      | Noticed Zorot's ghost (amateur TrMo)
  3981 | D:2      | Reached skill level 1 in Charms
  3981 | D:2      | Reached XP level 7. HP: 24/36 MP: 6/19
  4842 | D:4      | Got a slimy short sword
  4862 | D:4      | Identified the cursed +2 short sword "Cayz" {flame, *Contam +Blink MR- Dex+9} (You found it on level 4 of the Dungeon)
  4879 | D:4      | HP: 1/36 [killer bee (7)]
  4880 | D:4      | Succumbed to a killer bee's poison

Skill      XL: |  1  2  3  4  5  6  7 |
---------------+----------------------+-----
Conjurations   | 5 6 7 |  7.6
Spellcasting   | 4 5 6 7 |  7.7
Charms         | 1 3 |  3.1
Dodging        | |  2.4
Stealth        | |  2.4

Action                   |  1- 3 |  4- 6 |  7- 9 || total
-------------------------+-------+-------+-------++-------
Melee: Short sword       |     1 |    14 |       ||    15
 Cast: Magic Dart        |    73 |   160 |    69 ||   302
       Iskenderun's Myst |       |     2 |     2 ||     4
  Use: Potion            |       |     4 |       ||     4
       Scroll            |       |       |     4 ||     4
  Eat: Chunk             |     2 |     7 |     3 ||    12
Armor: Robe              |     2 |     7 |     1 ||    10
Dodge: Dodged            |     2 |    52 |    19 ||    73
